 Dungeon Crawl Stone Soup version 0.27-a0-216-g1fbed8a51c (webtiles) character file.

Game seed: 146739978153928867

3007 knot the Cleaver (level 9, -6/94 HPs)
             Began as a Demonspawn Berserker on Feb 1, 2021.
             Was an Elder of Trog.
             Mangled by Urug
             ... wielding a +0 broad axe of freezing
              (12 damage)
             ... on level 10 of the Dungeon.
             The game lasted 00:13:24 (9963 turns).

knot the Cleaver (Demonspawn Berserker)             Turns: 9963, Time: 00:13:25

Health: -6/94      AC: 13    Str: 19    XL:     9   Next: 54%
Magic:  9/9        EV: 11    Int: 11    God:    Trog [****..]
Gold:   625        SH:  0    Dex: 12    Spells: 8/8 levels left

rFire    . . .     SeeInvis +   J - +4 battleaxe
rCold    . . .     Faith    +   (shield currently unavailable)
rNeg     . . .     Spirit   .   n - +0 ring mail
rPois    .         Reflect  .   (helmet unavailable)
rElec    .         Harm     .   j - +1 cloak
rCorr    .         Rampage  .   B - +0 pair of gloves
Will     .....                  A - +0 pair of boots
Stlth    ..........             g - amulet of faith
HPRegen  0.25/turn              h - +4 ring of protection
MPRegen  0.11/turn              H - +4 ring of protection

@: berserking, corroded, very quick
A: antennae 3, powered by death 1
a: Renounce Religion, Berserk, Trog's Hand, Brothers in Arms


You were on level 10 of the Dungeon.
You worshipped Trog.
Trog was greatly pleased with you.
You visited 2 branches of the dungeon, and saw 10 of its levels.

You collected 625 gold pieces.

Inventory:

Hand Weapons
 D - a +2 antimagic executioner's axe
 J - a +4 battleaxe (weapon)
Missiles
 d - 350 stones
 l - 40 poisoned darts
 p - 129 sling bullets
 w - 11 boomerangs (quivered)
 U - 8 javelins
Armour
 j - a +1 cloak (worn)
 n - a +0 ring mail (worn)
 A - a +0 pair of boots (worn)
 B - a +0 pair of gloves (worn)
 Q - the cursed +0 kite shield of Bad Feelings {+Fly Str-4 Int+3 Stlth+, unknown}
   (You found it on level 7 of the Dungeon)

   It affects your strength (-4).
   It affects your intelligence (+3).
   It lets you fly.
   It makes you more stealthy.
   It has a curse placed upon it.
Jewellery
 b - an uncursed ring of flight
 g - an amulet of faith (around neck)
 h - a +4 ring of protection (left hand)
 y - an uncursed ring of fire
 C - an uncursed ring of poison resistance
 H - a +4 ring of protection (right hand)
 I - an uncursed ring of wizardry
 O - an uncursed ring of fire
Wands
 K - a wand of polymorph (10)
 L - a wand of random effects (13)
 S - a wand of iceblast (10)
Scrolls
 c - 3 scrolls of remove curse {unknown}
 e - 2 scrolls of fog {unknown}
 f - 2 scrolls of magic mapping {unknown}
 i - a scroll of amnesia {unknown}
 k - 3 scrolls of teleportation
 o - a scroll of enchant weapon {unknown}
 r - 2 scrolls of enchant armour {unknown}
 s - a scroll of fear {unknown}
 v - 3 scrolls of immolation {unknown}
 N - a scroll of random uselessness {unknown}
Potions
 a - 2 potions of haste {unknown}
 m - 4 potions of curing {unknown}
 q - a potion of ambrosia
 t - a potion of cancellation
 u - a potion of heal wounds
 x - a potion of magic
 z - a potion of degeneration {unknown}
 E - a potion of flight {unknown}
 F - 3 potions of brilliance
 G - a potion of mutation {unknown}
 M - 3 potions of attraction {unknown}
 P - a potion of might
 R - a potion of lignification


   Skills:
 - Level 3.0 Fighting
 * Level 9.4 Axes
 * Level 8.3 Throwing
 - Level 1.7 Armour
 - Level 1.7 Dodging


You had 8 spell levels left.
You didn't know any spells.
Your spell library contained the following spells:

 Spells                   Type           Power        Failure   Level
 Sandblast                Erth           0%           52%         1
 Passwall                 Tmut/Erth      0%           67%         2
 Stone Arrow              Conj/Erth      0%           88%         3
 Petrify                  Tmut/Erth      0%           99%         4
 Lee's Rapid Deconstruct  Erth           0%           100%        5


Dungeon Overview and Level Annotations

Branches:
Dungeon (8/15)             Temple (1/1) D:4
   Lair: D:8-11

Altars:
Ashenzari
Cheibriados
Dithmenos
Elyvilon
Fedhas
Gozag
Hepliaklqana
Kikubaaqudgha
Makhleb
Nemelex Xobeh
Okawaru
Qazlal
Ru
Sif Muna
Trog
Uskayaw
Vehumet
Wu Jian
Xom
Yredelemnul
Zin
The Shining One

Annotations:
D:10 Urug


Innate Abilities, Weirdness & Mutations

You have a pair of large antennae on your head. (SInv)
You regenerate a little health from kills.


Message History

Found a stone staircase leading down.
You fail to use your ability.
The jelly completely misses you.
You fail to use your ability.
The ogre closely misses you.
Okay, then.
A red film seems to cover your vision as you go berserk!
You feel yourself moving faster!
You feel mighty!
Urug hits you with a +0 broad axe of freezing!!
Urug freezes you.
You slash Urug!
Urug is almost dead.
You slash the ogre! The ogre closely misses you.
Urug hits you with a +0 broad axe of freezing!!!
* * * LOW HITPOINT WARNING * * *
Urug freezes you.
* * * LOW HITPOINT WARNING * * *
You hit Urug.
Urug is almost dead.
You barely miss the ogre.
Urug hits you with a +0 broad axe of freezing!
You die...

###..>.. ...#...
#.....# #.....#
#.....# #.....#
##.....#
#.....@#### {
#....OoJ..# {
##.....##....#
##.....# ##.#
#......#
#...##.######.
####.#.†.......>. .
#...........#####
#...###.####..#.#.#


You could see Urug (berserk), an ogre and a jelly.

Vanquished Creatures
  A gargoyle (D:8)
  Menkaure (D:5)
  A black bear (D:7)
  2 phantoms (D:7)
  2 sky beasts
  3 ogres
  2 bullfrogs
  A scorpion (D:4)
  5 wights (D:7)
  A howler monkey (D:7)
  An electric eel (D:8)
  A centaur zombie (D:8)
  4 jellies
  3 hounds
  3 orc priests
  A bullfrog skeleton (D:6)
  A centaur skeleton (D:7)
  12 orc wizards
  6 worker ants
  2 iguanas
  A hound skeleton (D:4)
  A worker ant zombie (D:5)
  4 gnolls (D:8)
  10 adders
  An ufetubus (D:6)
  An ooze (D:4)
  An adder zombie (D:7)
  2 adder skeletons
  5 worms
  5 dart slugs
  6 leopard geckos
  32 orcs
  A ball python (D:6)
  11 bats
  3 giant cockroaches
  12 hobgoblins
  19 jackals
  13 kobolds
  7 quokkas
  4 frilled lizards
  8 goblins
  2 leopard gecko skeletons
  2 quokka skeletons (D:4)
  12 rats
216 creatures vanquished.

Vanquished Creatures (collateral kills)
  An orc warrior (D:6)
  A sky beast (D:6)
  A bullfrog (D:10)
  A jelly (D:10)
  3 orc wizards
  2 worker ants
  A white imp (D:10)
  The ghost of Snicker the Sneak, a weakling DsDe (D:6)
  5 orcs (D:6)
16 creatures vanquished.

Vanquished Creatures (others)
  7 plants (D:8)
7 creatures vanquished.

Grand Total: 239 creatures vanquished

Notes
Turn   | Place    | Note
-------+----------+-------------------------------------------
     0 | D:1      | knot the Demonspawn Berserker began the quest for the Orb.
     0 | D:1      | Reached XP level 1. HP: 18/18 MP: 1/1
    84 | D:1      | Reached skill level 3 in Axes
   188 | D:1      | Gained mutation: You have a pair of small antennae on your
                  | head. [demonic ancestry]
   188 | D:1      | Reached XP level 2. HP: 23/24 MP: 2/2
   695 | D:1      | Reached ** piety under Trog
   937 | D:1      | Reached XP level 3. HP: 29/29 MP: 3/3
   979 | D:1      | Reached skill level 4 in Axes
  1517 | D:2      | Gained mutation: You have a pair of antennae on your head.
                  | [demonic ancestry]
  1517 | D:2      | Reached XP level 4. HP: 24/35 MP: 4/4
  1567 | D:2      | Reached skill level 1 in Throwing
  2313 | D:3      | Reached *** piety under Trog
  2586 | D:3      | Reached XP level 5. HP: 40/41 MP: 5/5
  2732 | D:3      | Found a faded altar of an unknown god.
  2899 | D:3      | Reached skill level 5 in Axes
  3403 | D:4      | Reached XP level 6. HP: 35/47 MP: 6/6
  3692 | D:4      | Found a snail-covered altar of Cheibriados.
  3717 | D:4      | Reached **** piety under Trog
  4272 | D:4      | Found a staircase to the Ecumenical Temple.
  4282 | Temple   | Entered the Ecumenical Temple
  5088 | D:4      | Reached skill level 6 in Axes
  5088 | D:4      | Gained mutation: You have a pair of large antennae on your
                  | head. (SInv) [demonic ancestry]
  5088 | D:4      | Reached XP level 7. HP: 50/52 MP: 7/7
  5617 | D:5      | Entered Level 5 of the Dungeon
  6124 | D:5      | Reached skill level 5 in Throwing
  6304 | D:5      | Reached skill level 7 in Axes
  6419 | D:5      | Reached XP level 8. HP: 58/58 MP: 8/8
  6482 | D:5      | Noticed Menkaure
  6488 | D:5      | Killed Menkaure
  6920 | D:6      | Reached ***** piety under Trog
  7089 | D:6      | Received a gift from Trog
  7200 | D:6      | Found a runed translucent gate.
  7201 | D:6      | Found a runed translucent gate.
  7202 | D:6      | Found a runed translucent gate.
  7215 | D:6      | Noticed Snicker's ghost (weakling DsDe)
  7221 | D:6      | Killed Snicker's ghost
  7847 | D:6      | Reached skill level 8 in Axes
  8644 | D:7      | Gained mutation: You regenerate a little health from kills.
                  | [demonic ancestry]
  8644 | D:7      | Reached XP level 9. HP: 63/63 MP: 9/9
  8889 | D:7      | Got a crude kite shield
  9605 | D:8      | Noticed a gargoyle
  9621 | D:8      | Reached skill level 9 in Axes
  9624 | D:8      | Killed a gargoyle
  9931 | D:8      | You fall into a shaft and drop 2 floors!
  9931 | D:10     | Entered Level 10 of the Dungeon
  9931 | D:10     | Noticed Urug
  9963 | D:10     | Mangled by Urug

Illustrated notes

Levels and vault maps discovered:
D:1:      lemuel_arrival_behind_the_door_large, layout_rooms,
          hangedman_decor_lopped, st_stairs_11, minmay_pentomino_s2
D:2:      layout_basic
D:3:      layout_loops_corners, chequers_ecumenical_altar_simple
D:4:      layout_rooms, kennysheep_slug_shrine, minmay_temple_entry_ruins,
          st_stairs_14
D:5:      layout_basic, uniq_menkaure
D:6:      layout_rooms, gammafunk_ghost_split, serial_curves, eino_curves_01,
          eino_curves_03, kennysheep_nub
D:7:      layout_cave_pods
D:8:      layout_layer_cave, lair_entry_dummy, serial_bayou,
          serial_bayou_shore_a, serial_bayou_pond_c, serial_bayou_lagoon_a,
          serial_bayou_pond_c, kennysheep_potato
D:10:     minmay_shrinking_squares, layout_rooms, serial_aquarium,
          aquarium_bridge_square [aquarium_subvault_bridge,
          aquarium_subvault_wall, aquarium_subvault_window,
          aquarium_subvault_wall], aquarium_window_corridor_1,
          aquarium_window_fake, aquarium_view_4, aquarium_pool_1,
          jmf_multi_god_temple2, uniq_urug
Temple:   nicolae_temple_the_god_donut

Skill      XL: |  1  2  3  4  5  6  7  8  9 |
---------------+----------------------------+-----
Axes           | 3 4 5 6 7 8 9 |  9.4
Throwing       | 1 2 3 5 7 8 |  8.3
Fighting       | |  3.0
Armour         | |  1.7
Dodging        | |  1.7

Action                   |  1- 3 |  4- 6 |  7- 9 || total
-------------------------+-------+-------+-------++-------
Melee: Hand axe          |   166 |   122 |       ||   288
       War axe           |       |    76 |   232 ||   308
       Battleaxe         |       |       |    71 ||    71
Throw: Dart              |     4 |    24 |       ||    28
       Boomerang         |       |       |    56 ||    56
Invok: Berserk           |     2 |     2 |     7 ||    11
       Brothers in Arms  |       |     1 |     5 ||     6
       Trog's Hand       |       |       |     1 ||     1
  Use: Scroll            |       |       |     8 ||     8
       Potion            |       |       |     3 ||     3
 Stab: Sleeping          |     1 |       |       ||     1
Armor: Animal skin       |    68 |    10 |       ||    78
       Ring mail         |       |    86 |   190 ||   276
       Skin              |       |     1 |       ||     1
Dodge: Dodged            |   137 |   131 |   188 ||   456

Table legend: (Time is in decaauts)
 A = Elapsed time spent in this place.
 B = Non-inter-level travel time spent in this place.
 C = Inter-level travel time spent in this place.
 D = Time resting spent in this place.
 E = Time spent auto-exploring this place.
 F = Levels seen in this place.
 G = Mean time per level.
                   A        B        C        D        E       F      G
               +--------+--------+--------+--------+--------+-----+--------+
         Total |  10164 |   9922 |    242 |   3205 |   5056 |  10 | 1016.4 |
       Dungeon |   9418 |   9192 |    226 |   2688 |   4845 |   9 | 1046.4 |
        Temple |    745 |    729 |     16 |    517 |    211 |   1 |  745.0 |
               +--------+--------+--------+--------+--------+-----+--------+

Top non-repeatable levels by time:
     D:3: 1710 daAuts
     D:7: 1499 daAuts
     D:1: 1383 daAuts
     D:5: 1306 daAuts
     D:6: 1132 daAuts
     D:2: 967 daAuts
     D:4: 905 daAuts
  Temple: 745 daAuts
     D:8: 481 daAuts
    D:10: 32 daAuts
